AoeStats
← brentwinslow93

Arena

510856324Analyzed
1v1 RM · 18h ago on Oct 2, 2026· 36m 58s· 2 players
Game mode
Random Map
Map size
Tiny (2 player)
Population
200
Speed
Normal
Resources
Standard
Victory
Conquest
Starting age
Dark Age
Ending age
Imperial Age
RankedLock teamsTeams togetherTeam positionsShared explorationLock speedFull tech treeHidden civsTurbo modeCheats
Victory
Defeat
🇺🇸 Hindustanis · United States
975
+17
🇺🇸 Mongols · United States
1000
-51
boringstorm
10:03 Loom
12:40 Feudal Age
13:41 Double-Bit Axe
13:37 Horse Collar
16:34 Castle Age
16:27 Gold Mining
20:30 Wheelbarrow
23:26 Heavy Plow
23:51 Town Watch
25:41 Hand Cart
26:22 Town Patrol
28:55 Gold Shaft Mining
31:11 Imperial Age
29:01 Bow Saw
29:35 Stone Mining
29:58 Scale Mail Armor
30:08 Forging
30:21 Forging
31:08 Stone Shaft Mining
30:59 Chain Mail Armor
31:58 Iron Casting
33:40 Blast Furnace
32:29 Elite Ghulam
33:45 Conscription
34:16 Grand Trunk Road
34:46 Squires
brentwinslow93
11:48 Feudal Age
16:30 Castle Age
14:45 Double-Bit Axe
14:43 Horse Collar
14:59 Gold Mining
16:43 Wheelbarrow
19:39 Bow Saw
19:33 Heavy Plow
22:43 Gold Shaft Mining
21:59 Stone Mining
24:00 Scale Barding Armor
24:47 Loom
25:18 Hand Cart
34:26 Imperial Age
Connection lost

Rejoining the realm…

Still unreachable

The connection could not be restored.

Session expired

The server has moved on; the page needs a fresh start.